Map: Eternal Empire LE

Players

Namshar

  • Race: Zerg Zerg
  • League: Master
  • Spawn Location: 1:00

Scarlett - Winner!

  • Race: Zerg Zerg
  • Spawn Location: 7:00

Event: DreamHack SC2 Masters 2020 Summer North America

VOD

Have the link to the VOD?

Description

Time

  • Played on: July 10, 2020, 4:39 p.m.
  • Length: 10:38

All games in this series

Show
View Real Time Build Order
Export as new Build Order

Namshar Zerg 

Build Orders: Hatch First 

Get SALT Encoding   

  12  0:00  Drone  
  13  0:12  Overlord  
  13  0:17  Drone  
  14  0:30  Drone x2  
  16  0:48  Hatchery  
  15  0:52  Drone  
  15  0:56  Drone  
  17  0:59  Drone  
  18  1:10  Extractor  
  17  1:14  Spawning Pool  
  17  1:18  Drone  
  17  1:20  Drone  
  18  1:28  Drone  
  19  1:39  Drone  
  20  1:49  Drone  
  21  2:00  Drone  
  21  2:01  Overlord, Queen x2  
  26  2:10  Metabolic Boost  
  26  2:11  Drone  
  26  2:13  Drone  
  28  2:21  Drone  
  28  2:22  Drone  
  30  2:33  Drone x2  
  32  2:40  Hatchery  
  31  2:44  Queen  
  31  2:49  Overlord  
  33  2:54  Drone x2  
  35  2:58  Overlord  
  35  3:05  Drone  
  36  3:08  Zergling x2  
  36  3:09  Zergling x6  
  36  3:10  Zergling x2  
  41  3:16  Evolution Chamber, Drone  
  41  3:19  Drone x2  
  43  3:28  Drone  
  43  3:31  Overlord  
  44  3:36  Drone  
  44  3:40  Drone  
  46  3:42  Zerg Ground Armor Level 1  
  46  3:47  Overlord x2  
  46  3:50  Zergling x6  
  47  3:57  Zergling x8  
  50  4:03  Baneling Nest  
  50  4:06  Zergling x6  
  52  4:12  Zergling x4  
  52  4:13  Zergling x4  
  56  4:18  Zergling x4  
  56  4:23  Zergling x2  
  56  4:26  Zergling x4  
  58  4:37  Zergling x6  
  61  4:38  Drone x2  
  61  4:43  Roach Warren  
  62  4:45  Extractor  
  56  4:54  Zergling x16  
  53  5:03  Zergling x8  
  57  5:09  Baneling x4  
  57  5:10  Zergling x10  
  60  5:30  Baneling  
  60  5:31  Baneling  
  60  5:33  Roach  
  60  5:34  Roach x6  
  73  5:43  Baneling x2  
  73  5:45  Drone x8  
  78  6:03  Roach x4  
  79  6:06  Zergling x4  
  77  6:13  Zergling x12  
  78  6:25  Zergling x6  
  75  6:32  Zergling x2  
  76  6:38  Baneling x4  
  76  6:39  Zergling x4  
  77  6:41  Queen  
  77  6:45  Zergling x4  
  81  6:51  Baneling  
  81  6:52  Baneling x2  
  82  6:54  Drone  
  82  6:58  Overlord x3  
  82  7:00  Drone  
  77  7:07  Zergling x8  
  79  7:10  Zergling x2  
  79  7:12  Zergling x4  
  79  7:21  Zergling x12  
  81  7:27  Zergling x4  
  74  7:32  Queen x2, Zergling x2  
  70  7:42  Spore Crawler x2  
  70  7:43  Drone, Spore Crawler  
  70  7:44  Drone x5  
  68  7:47  Baneling x2  
  68  7:51  Overlord  
  68  7:54  Drone x4  
  72  8:04  Drone x2  
  72  8:05  Drone x2  
  76  8:12  Lair, Queen  
  78  8:16  Overlord x2  
  78  8:19  Roach  
  77  8:29  Queen  
  73  8:35  Spore Crawler  
  73  8:36  Spore Crawler  
  73  8:37  Zergling x8  
  73  8:38  Zergling x2  
  73  8:47  Zergling x12  
  73  8:48  Queen  
  80  8:49  Baneling x2  
  76  9:00  Zergling x8  
  76  9:01  Zergling x10  
  83  9:05  Queen  
  83  9:07  Zergling x2  
  72  9:17  Zergling x6  
  72  9:18  Spore Crawler  
  65  9:26  Zergling x6  
  61  9:36  Zergling x4  
  59  9:45  Drone x5  
  61  9:50  Zergling x2  
  57  9:57  Drone x3  
  57  9:58  Drone x2  
  55  10:02  Zergling x2  
  52  10:17  Zergling x8  
Show
View Real Time Build Order
Export as new Build Order

Scarlett Zerg - Winner!

Build Orders: Hatch First 

Get SALT Encoding   

  12  0:00  Drone  
  13  0:12  Overlord  
  13  0:17  Drone  
  14  0:30  Drone x2  
  16  0:48  Hatchery  
  15  0:52  Drone  
  15  0:54  Drone  
  17  0:58  Drone  
  18  1:06  Extractor  
  17  1:13  Spawning Pool  
  17  1:17  Drone  
  17  1:20  Drone  
  18  1:28  Drone  
  19  1:39  Drone  
  20  1:47  Evolution Chamber  
  19  1:49  Drone  
  20  2:00  Drone  
  20  2:01  Queen x2  
  23  2:03  Drone  
  26  2:12  Drone  
  26  2:13  Zerg Melee Weapons Level 1  
  27  2:18  Overlord  
  27  2:22  Drone  
  28  2:38  Drone x3  
  28  2:42  Queen  
  33  2:44  Metabolic Boost  
  33  2:50  Overlord  
  33  2:53  Drone  
  33  2:54  Drone x2  
  36  3:08  Drone x2  
  36  3:10  Drone x5  
  43  3:13  Overlord  
  43  3:22  Zergling x2  
  44  3:32  Extractor  
  44  3:33  Zergling x6  
  46  3:40  Zergling x4  
  48  3:41  Baneling Nest  
  48  3:42  Zergling x6  
  50  3:52  Zergling x2  
  50  3:53  Zergling x2  
  50  3:55  Queen  
  51  3:57  Lair  
  51  3:59  Overlord  
  51  4:09  Overlord  
  51  4:14  Zergling x2, Extractor x2  
  51  4:15  Zergling x2  
  51  4:19  Hatchery  
  51  4:21  Zergling x10  
  54  4:29  Zergling x2  
  52  4:34  Zergling x4  
  52  4:37  Baneling  
  52  4:38  Zerg Ground Armor Level 1  
  54  4:41  Zergling x6  
  57  4:54  Zergling x6  
  57  4:56  Baneling x2  
  54  5:01  Zergling x2  
  54  5:05  Spire  
  54  5:09  Queen  
  54  5:12  Drone  
  57  5:17  Drone  
  58  5:25  Drone  
  58  5:26  Drone x2  
  59  5:36  Drone  
  59  5:37  Drone x2  
  59  5:38  Zergling x4  
  64  5:42  Baneling  
  64  5:43  Baneling x3  
  63  5:59  Baneling x2  
  63  6:03  Baneling x2, Zergling x16  
  65  6:17  Zergling x8  
  61  6:19  Mutalisk  
  61  6:20  Mutalisk  
  61  6:24  Mutalisk  
  65  6:28  Mutalisk  
  65  6:31  Mutalisk  
  69  6:38  Mutalisk  
  63  6:41  Mutalisk  
  63  6:42  Baneling  
  65  6:50  Mutalisk x2  
  69  6:58  Zergling x6  
  70  7:01  Mutalisk  
  71  7:15  Mutalisk  
  69  7:16  Zergling x6  
  69  7:19  Mutalisk  
  69  7:20  Zergling x4  
  73  7:29  Zergling x12  
  73  7:33  Zergling x2  
  71  7:43  Zerg Melee Weapons Level 2  
  70  7:51  Drone  
  71  7:57  Zerg Flyer Weapons Level 1  
  70  8:04  Baneling, Overlord  
  70  8:05  Zergling x6  
  72  8:30  Mutalisk  
  72  8:32  Zergling x22  
  73  8:48  Mutalisk  
  70  8:50  Zergling x4  
  74  9:08  Mutalisk  
  74  9:09  Zergling x8  
  73  9:19  Zergling x6  
  71  9:30  Mutalisk, Zergling x2  
  71  9:31  Zergling x2  
  69  9:40  Mutalisk, Zergling x2  
  69  9:45  Mutalisk  
  68  9:53  Zergling x2  
  68  9:54  Zergling x4  
  69  10:04  Zergling x6  
  69  10:05  Zergling x4  
  71  10:20  Zergling x8  
Tags
 
Add a new tag
Caveats
  • Supply blocks, unpowered buildings, or Contaminate may cause inaccurate times.
  • Supply counts are checked every 10 seconds.